 Dungeon Crawl Stone Soup version 0.20.0-14-g326068f (webtiles) character file.

82 maniacrov the Conjurer (level 4, -1/24 HPs)
             Began as a Deep Elf Conjurer on June 8, 2017.
             Shot with an arrow by a centaur (15 damage)
             ... on level 3 of the Dungeon.
             The game lasted 00:10:35 (2095 turns).

maniacrov the Conjurer (Deep Elf Conjurer)          Turns: 2095, Time: 00:10:36

Health: -1/24      AC:  2    Str:  5    XL:     4   Next: 21%
Magic:  11/12      EV: 13    Int: 21    God:
Gold:   90         SH:  5    Dex: 15    Spells: 5/11 levels left

rFire    . . .     SeeInvis .   p - +1 quarterstaff
rCold    . . .     Gourm    .   (shield currently unavailable)
rNeg     . . .     Faith    .   a - +0 robe
rPois    .         Spirit   .   (no helmet)
rElec    .         Reflect  +   (no cloak)
rCorr    .         Harm     .   (no gloves)
MR       .....                  (no boots)
Stlth    ++........             l - +5 amulet of reflection
Regen    0.1/turn               (no ring)
MPRegen  0.2/turn               (no ring)

@: no status effects
A: no striking features
a: no special abilities


You were on level 3 of the Dungeon.
You were not hungry.

You visited 1 branch of the dungeon, and saw 3 of its levels.

You collected 90 gold pieces.

Inventory:

Hand Weapons
 p - a +1 quarterstaff (weapon)
Armour
 a - a +0 robe (worn)
Jewellery
 l - a +5 amulet of reflection (around neck)
Scrolls
 c - a scroll of recharging {unknown}
 d - a scroll of teleportation
 e - a scroll of enchant weapon
 f - 2 scrolls of remove curse
 h - a scroll of magic mapping {unknown}
 m - a scroll of enchant armour {unknown}
Potions
 g - a potion of degeneration {unknown}
 i - 2 potions of agility {unknown}
 j - a potion of magic {unknown}
 k - 2 potions of curing {unknown}
 n - 3 potions of haste
Books
 b - a book of Conjurations

   Spells                             Type                      Level
   a - Magic Dart                     Conjuration                  1
   b - Searing Ray                    Conjuration                  2
   c - Dazzling Spray                 Conjuration/Hexes            3
   d - Fulminant Prism                Conjuration/Hexes            4
   e - Force Lance                    Conjuration/Translocation    4
   f - Iskenderun's Mystic Blast      Conjuration                  4
Comestibles
 o - a royal jelly


   Skills:
 + Level 2.8 Dodging
 + Level 2.7 Stealth
 + Level 0.1 Unarmed Combat
 + Level 4.0 Spellcasting
 + Level 5.5 Conjurations


You had 5 spell levels left.
You knew the following spells:

 Your Spells              Type           Power        Failure   Level  Hunger
a - Magic Dart            Conj           ####         1%          1    None
b - Searing Ray           Conj           ####..       1%          2    #......
c - Dazzling Spray        Conj/Hex       ###...       12%         3    ###....


Dungeon Overview and Level Annotations

Branches:
Dungeon (3/15)

Altars:


Message History

Aim: a giant cockroach (hasn't noticed you)
The magic dart hits the giant cockroach.
You kill the giant cockroach!
You see here a giant cockroach corpse.
You see here a flail.
You see here a flail.
You see here a flail.
The centaur shouts!
The centaur shoots an arrow.
The arrow hits you!
The centaur shoots an arrow.
The arrow closely misses you.
You see here an arrow.
Casting: Magic Dart
Confirm with . or Enter, or press ? or * to list all spells.
Aiming: Magic Dart
Press: ? - help, Shift-Dir - straight line, f - centaur
Aim: a centaur, wielding a shortbow The magic dart hits the centaur.
The centaur shoots an arrow.
The arrow hits you!
Ouch! That really hurt!
You die...

.......# #....###........# ###
......## #>.##..##...>....#
#>. ......# #.
##.##....<...###.# .....##
#..####.##........#.... .....#
#............c......##. .....#
#######.............##. #..###
###..............# ..##
#................. .##
####@##..#######..... .#
#....##.).........#.# )# #####
#.##.....##########.. .##
#...# ###....###....# ###
..###...###....### ####.##
..##..........## #..#
........##..### ##.#
...##........# ####.#####
..###...####.....####........#


You could see a centaur.

Vanquished Creatures
  2 adders
  2 worms (D:2)
  5 dart slugs
  3 leopard geckos (D:2)
  3 bats
  4 giant cockroaches
  6 goblins
  5 hobgoblins
  5 kobolds
  A ball python (D:1)
  3 frilled lizards
  4 rats
43 creatures vanquished.

Notes
Turn   | Place    | Note
-------+----------+-------------------------------------------
     0 | D:1      | maniacrov the Deep Elf Conjurer began the quest for the Orb.
     0 | D:1      | Reached XP level 1. HP: 10/10 MP: 6/6
   260 | D:1      | Reached XP level 2. HP: 15/15 MP: 6/8
   645 | D:1      | Reached skill level 5 in Conjurations
   742 | D:2      | Reached XP level 3. HP: 18/19 MP: 7/9
  1161 | D:2      | Learned a level 2 spell: Searing Ray
  1165 | D:2      | Learned a level 3 spell: Dazzling Spray
  1662 | D:3      | Noticed a centaur
  1665 | D:3      | Reached XP level 4. HP: 20/24 MP: 7/11
  2095 | D:3      | Shot with an arrow by a centaur

Skill      XL: |  1  2  3  4 |
---------------+-------------+-----
Conjurations   | 5 |  5.5
Spellcasting   | 4 |  4.0
Dodging        | |  2.8
Stealth        | |  2.7
Unarmed Combat | |  0.1

Action                   |  1- 3 |  4- 6 || total
-------------------------+-------+-------++-------
Melee: Unarmed           |     3 |       ||     3
 Cast: Magic Dart        |    83 |    15 ||    98
       Searing Ray       |     1 |       ||     1
  Use: Scroll            |     6 |     2 ||     8
  Eat: Royal jelly       |     1 |       ||     1
       Bread ration      |       |     1 ||     1
Dodge: Dodged            |    14 |     5 ||    19
Block: Other             |     4 |     3 ||     7
       Reflection        |     3 |       ||     3
